Map: Daybreak LE (Void)

Players

Shaft - Winner!

  • Race: Zerg Zerg
  • Spawn Location: 7:00

HaKin

  • Race: Zerg Zerg
  • League: Diamond
  • Spawn Location: 1:00

VOD

Have the link to the VOD?

Description

Time

  • Played on: Dec. 24, 2016, 12:56 p.m.
  • Length: 4:48
Show
View Real Time Build Order
Export as new Build Order

Shaft Zerg - Winner!

Build Orders: Pool First 

Get SALT Encoding   

  12  0:18  Spawning Pool  
  11  0:22  Drone  
  11  0:27  Drone  
  13  0:34  Drone  
  14  0:41  Extractor  
  13  0:43  Overlord  
  13  1:06  Zergling x6  
  13  1:07  Queen  
  18  1:18  Zergling x2  
  19  1:30  Zergling x2  
  20  1:39  Zergling x2  
  21  1:52  Hatchery  
  21  1:54  Zergling x2  
  21  2:05  Overlord  
  21  2:26  Drone x3  
  24  2:34  Drone  
  24  2:35  Drone  
  25  2:58  Metabolic Boost  
  25  3:01  Baneling Nest  
  25  3:04  Zergling x4  
  26  3:08  Drone  
  27  3:23  Drone x2  
  29  3:38  Overlord, Drone  
  29  3:39  Drone x2  
  29  3:40  Zergling x2  
  33  3:53  Overlord, Drone x2  
  35  3:55  Drone  
  36  4:05  Queen  
  38  4:13  Baneling  
  38  4:14  Baneling x5  
  38  4:17  Zergling x2  
  38  4:20  Zergling x2  
Show
View Real Time Build Order
Export as new Build Order

HaKin Zerg 

Build Orders: Hatch First 

Get SALT Encoding   

  12  0:01  Drone  
  13  0:11  Drone  
  14  0:19  Overlord  
  14  0:30  Extractor  
  14  0:31  Drone  
  15  0:37  Drone  
  15  0:38  Drone  
  17  0:50  Drone  
  18  1:00  Hatchery  
  17  1:11  Spawning Pool  
  17  1:13  Extractor  
  17  1:15  Drone  
  16  1:18  Drone  
  16  1:22  Drone  
  18  1:29  Overlord  
  18  1:38  Drone  
  19  1:50  Drone  
  20  2:08  Zergling x2  
  21  2:10  Zergling x2  
  22  2:15  Spine Crawler  
  20  2:25  Zergling x2  
  20  2:26  Zergling x4  
  20  2:28  Metabolic Boost  
  23  2:33  Zergling x4  
  24  2:41  Roach Warren  
  23  2:48  Zergling x4  
  22  2:54  Zergling x2  
  22  2:55  Queen  
  25  3:07  Drone  
  26  3:22  Hatchery  
  25  3:48  Overlord x2  
  25  3:56  Drone  
  25  3:57  Extractor  
  25  4:09  Roach x3  
  31  4:16  Drone x2  
  33  4:29  Roach  
Tags
 
Add a new tag
Caveats
  • Supply blocks, unpowered buildings, or Contaminate may cause inaccurate times.
  • Supply counts are checked every 10 seconds.